[Event "Early-Titled-Tuesday-Blitz-January-30-2024"]
[Site "Chess.com"]
[Date "2024.01.30"]
[Round "5"]
[White "Practical-Play"]
[Black "falzehope0"]
[Result "1-0"]
[WhiteElo "2600"]
[BlackElo "2383"]
[TimeControl "180+1"]
[EndTime "8:56:40 PST"]
[Termination "Practical-Play won on time"]

1. e4 d5 2. exd5 Nf6 3. d4 Qxd5 4. Nc3 Qd6 5. Nf3 a6 6. g3 Bg4 7. h3 Bh5 8. Bg2 Nc6 9. O-O Rd8 10. Bf4 Qd7 11. g4 Bg6 12. Qe2 e6 13. Rad1 Be7 14. Ne5 Nxe5 15. dxe5 Nd5 16. Bxd5 exd5 17. Nxd5 Qc6 18.
Nxe7 Kxe7 19. Bg5+ Ke6 20. Bxd8 h5 21. Rfe1 hxg4 22. Qxg4+ Bf5 23. Qxg7 1-0

[Event "Early-Titled-Tuesday-Blitz-January-30-2024"]
[Site "Chess.com"]
[Date "2024.01.30"]
[Round "5"]
[White "noblerone"]
[Black "Lennis93"]
[Result "0-1"]
[WhiteElo "2499"]
[BlackElo "2724"]
[TimeControl "180+1"]
[EndTime "8:56:43 PST"]
[Termination "Lennis93 won by resignation"]

1. e4 c5 2. Nf3 Nc6 3. Nc3 e6 4. Bc4 a6 5. a4 Nge7 6. O-O d5 7. exd5 exd5 8. Ba2 h6 9. d4 c4 10. Ne2 Bg4 11.
Ng3 Ng6 12. c3 Be7 13. h3 Be6 14. Bb1 Qd7 15. Bxg6 fxg6 16. Bf4 O-O 17. Ne5 Qe8 18. Nxc6 Qxc6 19. Be5 b5 20. Qc2 Bd7 21. Rfe1 Bh4 22. axb5 axb5 23. Rxa8 Rxa8 24. Qe2 b4 25. Qf3 b3 26.
Qd1 Ra2 27. Qb1 Qa6 28. Bc7 Kh7 29. Be5 h5 30. Nxh5 Bf5 31. Qd1 Rxb2 32. Nxg7 Bxf2+ 33. Kh1 Rb1 34. Nxf5 Rxd1 0-1

[Event "Early-Titled-Tuesday-Blitz-January-30-2024"]
[Site "Chess.com"]
[Date "2024.01.30"]
[Round "5"]
[White "viktorgen2021"]
[Black "elgrona"]
[Result "1-0"]
[WhiteElo "2571"]
[BlackElo "2306"]
[TimeControl "180+1"]
[EndTime "8:56:43 PST"]
[Termination "viktorgen2021 won by resignation"]

1. d4 d5 2. c4 c6 3. Nf3 Nf6 4. e3 e6 5. Nbd2 Bd6 6. Bd3 O-O 7. O-O Nbd7 8. e4 e5 9. exd5 cxd5 10. cxd5 exd4 11.
Ne4 Nc5 12. Nxf6+ Qxf6 13. Bg5 Bxh2+ 14. Kxh2 Qd6+ 15. Kg1 Qxd5 16. Be7 Re8 17. Bxc5 Qxc5 18. Rc1 Qb6 19. Ng5 Qh6 20. Rc5 b6 21. Qf3 Bb7 22. Qxf7+ Kh8 23. Qxb7 bxc5 24. Nf7+ 1-0

[Event "Early-Titled-Tuesday-Blitz-January-30-2024"]
[Site "Chess.com"]
[Date "2024.01.30"]
[Round "5"]
[White "Alexei_Kornev"]
[Black "ACollins05"]
[Result "0-1"]
[WhiteElo "2721"]
[BlackElo "2485"]
[TimeControl "180+1"]
[EndTime "8:56:45 PST"]
[Termination "ACollins05 won by resignation"]

1. e4 c5 2. Nf3 d6 3. d4 cxd4 4. Nxd4 Nf6 5. Nc3 Nc6 6. Bg5 e6 7. Qd3 a6 8. O-O-O Bd7 9. f4 Be7 10. Nf3 b5 11. e5 dxe5 12. fxe5 Nd5 13. Bxe7 Ncxe7 14. Ne4 O-O 15. Kb1 b4 16. Neg5 Ng6 17. h4 Bb5 18. Qe4 Nc3+ 19. bxc3 Qxd1+ 20. Kb2 bxc3+ 21. Kb3 Qb1+ 22. Kxc3 Rac8+ 23. Kd2 Rfd8+ 24. Ke3 Qc1+ 25. Kf2 Rxc2+ 26. Kg3 Bxf1 27. Rg1 h6 28. h5 hxg5 29. hxg6 Qf4+ 30. Qxf4 gxf4+ 31. Kxf4 Bb5 32. Rb1 Rxa2 33. Rc1 Rxg2 34. gxf7+ Kxf7 35. Rc7+ Kg8 36. Re7 Rf8+ 37. Ke3 Rg3 0-1

[Event "Early-Titled-Tuesday-Blitz-January-30-2024"]
[Site "Chess.com"]
[Date "2024.01.30"]
[Round "5"]
[White "Veleamater"]
[Black "Djager97"]
[Result "0-1"]
[WhiteElo "2330"]
[BlackElo "2571"]
[TimeControl "180+1"]
[EndTime "8:56:45 PST"]
[Termination "Djager97 won by resignation"]

1. g3 d5 2. Bg2 Nf6 3. d3 c5 4. Nf3 Nc6 5. O-O g6 6. h3 Bg7 7.
Nc3 O-O 8. e4 d4 9. Ne2 e5 10. Ne1 b5 11. f4 c4 12. f5 Nd7 13.
g4 Nc5 14. Ng3 Qd6 15. Nf3 a5 16. Rf2 Ba6 17. Bf1 cxd3 18. cxd3 b4 19. g5 Rfc8 20. Nh4 a4 21. Rf3 b3 22. a3 Ra7 23.
Bd2 Rac7 24. Rc1 Bf8 25. f6 Nd8 26. Bb4 Nde6 27. Ngf5 gxf5 28. Nxf5 Qd7 29. Rg3 Nxd3 30. Rxc7 Qxc7 31. Bxd3 Qc1 32. Qxc1 Rxc1+ 33. Kf2 Bxd3 34. Rxd3 Rc2+ 35. Kg3 Bxb4 36. Ne7+ Bxe7 37. fxe7 Rc8 38. Kg4 Re8 39. Kf5 Kg7 40. Kxe5 Rxe7 41. Kd6 Rc7 42. h4 Rc2 43. Rg3 Rxb2 44. h5 Rc2 45.
Ke5 b2 46. Kf5 b1=Q 47. h6+ Kf8 0-1

[Event "Early-Titled-Tuesday-Blitz-January-30-2024"]
[Site "Chess.com"]
[Date "2024.01.30"]
[Round "5"]
[White "MightyGMpretender"]
[Black "BigAl"]
[Result "1-0"]
[WhiteElo "2822"]
[BlackElo "2537"]
[TimeControl "180+1"]
[EndTime "8:56:46 PST"]
[Termination "MightyGMpretender won by resignation"]

1. d4 Nf6 2. Nf3 g6 3. c4 Bg7 4. Nc3 O-O 5. g3 d6 6. Bg2 Nbd7 7. O-O e5 8. e4 c6 9. h3 Qa5 10. Re1 exd4 11. Nxd4 Ne5 12. Bf1 Qb6 13. Nb3 Be6 14. Be3 c5 15. Nd5 Bxd5 16. exd5 Rfe8 17. Be2 a6 18. Qc2 Re7 19. Bd2 Rae8 20. Ba5 Qa7 21. Kg2 b6 22. Bc3 Qb7 23. Rad1 Qd7 24. f4 Nxc4 25.
Bxc4 b5 26. Rxe7 Rxe7 27. Be2 c4 28. Na5 Re3 29. Bf3 h5 30. Qd2 Rxf3 31. Kxf3 Qxh3 32. Bxf6 Bxf6 33. Nc6 h4 34. Rg1 c3 35. bxc3 hxg3 36. Rxg3 Qh5+ 37. Kg2 Qf5 38. Nb4 Qxf4 39. Qxf4 1-0

[Event "Early-Titled-Tuesday-Blitz-January-30-2024"]
[Site "Chess.com"]
[Date "2024.01.30"]
[Round "5"]
[White "Juicy_Fork"]
[Black "ozates"]
[Result "0-1"]
[WhiteElo "2440"]
[BlackElo "2644"]
[TimeControl "180+1"]
[EndTime "8:56:46 PST"]
[Termination "ozates won on time"]

1. e4 e5 2. Nf3 Nc6 3. Bb5 g6 4. O-O Bg7 5. c3 Nge7 6. d3 O-O 7. Re1 d6 8. h3 h6 9. Nbd2 f5 10. Nf1 f4 11. d4 g5 12. Bc4+ Kh8 13. Nxg5 Qe8 14.
Ne6 Bxe6 15. Bxe6 Qg6 16. Qg4 Qxg4 17. hxg4 exd4 18. c4 f3 19. gxf3 Rxf3 20. Bf5 Ne5 21.
Kg2 Rf8 22. Nh2 Rd3 23. b3 N7g6 24. g5 Nh4+ 25. Kf1 Nef3 26. gxh6 Be5 27. Nxf3 Nxf3 28.
h7 Nxe1 29. Kxe1 Rxf5 30. exf5 Rh3 31. Bb2 Kxh7 32. Kd2 Kg7 0-1

[Event "Early-Titled-Tuesday-Blitz-January-30-2024"]
[Site "Chess.com"]
[Date "2024.01.30"]
[Round "5"]
[White "bilosuvenosu06"]
[Black "GMRAVEN_ON_YOUTUBE"]
[Result "0-1"]
[WhiteElo "2535"]
[BlackElo "2775"]
[TimeControl "180+1"]
[EndTime "8:56:47 PST"]
[Termination "GMRAVEN_ON_YOUTUBE won by resignation"]

1. d4 f5 2. c4 Nf6 3. Nc3 g6 4. e3 Bg7 5. Bd3 O-O 6. Nf3 d6 7. h3 Nc6 8. d5 Nb4 9. Bb1 Na6 10. O-O Nc5 11. Nd4 e5 12. dxe6 Nxe6 13. b3 Qe8 14.
Bb2 Nxd4 15. exd4 g5 16. Nb5 Qf7 17. d5 f4 18. Nd4 Nh5 19. Be4 Be5 20. Bf3 Ng7 21.
Rb1 h5 22. Re1 Qg6 23. Be4 Qf6 24. Bf3 g4 25. hxg4 hxg4 26. Bxg4 Bxg4 27. Qxg4 Bxd4 28. Re6 Qf5 29. Qxf5 Nxf5 30. Bc1 Be5 31. Bb2 Rae8 32. Bxe5 dxe5 33. Rxe8 Rxe8 34. c5 Rd8 35. Rd1 Nd4 36.
d6 cxd6 37. cxd6 Rxd6 38. Kf1 Kf7 0-1

[Event "Early-Titled-Tuesday-Blitz-January-30-2024"]
[Site "Chess.com"]
[Date "2024.01.30"]
[Round "5"]
[White "Ati1517"]
[Black "ATM622"]
[Result "0-1"]
[WhiteElo "2238"]
[BlackElo "2465"]
[TimeControl "180+1"]
[EndTime "8:56:47 PST"]
[Termination "ATM622 won by resignation"]

1. e4 c6 2. d4 d5 3. Nc3 dxe4 4. Nxe4 Bf5 5. Ng3 Bg6 6. f4 e6 7. Nf3 Nd7 8. c3 Ngf6 9. Ne5 Nxe5 10. fxe5 Nd5 11. Bd3 Be7 12. O-O O-O 13. Bxg6 hxg6 14.
Kh1 c5 15. Ne4 cxd4 16. cxd4 Rc8 17. Bd2 Nb6 18. Bc3 Qd5 19. Ng3 Rc6 20. Ne2 Bg5 21.
Nf4 Qd7 22. Qg4 Bxf4 23. Rxf4 Nd5 24. Rf3 Qe8 25. Rh3 f5 26. exf6 Rxf6 27. Re1 Qf7 28. Qe2 Nf4 29. Qd3 Nxd3 30. Rxd3 Rf1+ 0-1

[Event "Early-Titled-Tuesday-Blitz-January-30-2024"]
[Site "Chess.com"]
[Date "2024.01.30"]
[Round "5"]
[White "SmirnovTimofey2000"]
[Black "NM_Antelacus"]
[Result "0-1"]
[WhiteElo "1939"]
[BlackElo "2243"]
[TimeControl "180+1"]
[EndTime "8:56:47 PST"]
[Termination "NM_Antelacus won by resignation"]

1. e4 c5 2. c3 d5 3. exd5 Qxd5 4.
d4 Nc6 5. Nf3 Bg4 6. dxc5 Qxd1+ 7. Kxd1 e5 8. b4 e4 9. h3 Bh5 10.
g4 exf3 11. gxh5 Nf6 12. Nd2 O-O-O 13. Kc2 Nxh5 14. Nxf3 Be7 15. Be2 Bf6 16. Ng5 Bxg5 17. Bxg5 f6 18. Be3 g6 19. Bxh5 gxh5 20. Rhg1 Rhg8 21. a4 Rg6 22. Rad1 Rdg8 23. Rh1 Rg2 24. Rd6 f5 25. Rf6 Ne7 26. h4 Nd5 27. Rh6 Nxe3+ 28. Kd3 Ng4 29. Rxh7 Nxf2+ 30. Ke3 Nxh1 0-1

[Event "Early-Titled-Tuesday-Blitz-January-30-2024"]
[Site "Chess.com"]
[Date "2024.01.30"]
[Round "5"]
[White "Gabrielian_Artur"]
[Black "VomDingJetztHer"]
[Result "1-0"]
[WhiteElo "2763"]
[BlackElo "2447"]
[TimeControl "180+1"]
[EndTime "8:56:48 PST"]
[Termination "Gabrielian_Artur won by resignation"]

1. e4 a6 2. Nf3 c6 3. Nc3 d5 4.
d4 dxe4 5. Nxe4 Nd7 6. Neg5 Ngf6 7. Bc4 e6 8. Qe2 Nb6 9. Bb3 Be7 10. Ne5 O-O 11.
c3 Nbd5 12. Bd2 a5 13. Bc2 h6 14. h4 c5 15. dxc5 Bxc5 16. O-O-O Qb6 17. Rh3 a4 18. a3 Ra5 19. Nc4 Qb5 20. Bd3 Ra8 21. Rg3 Qb3 22. Ne4 Nxe4 23. Qxe4 Nf6 24. Qe5 Be7 25. Bxh6 g6 26. h5 b5 27. hxg6 bxc4 28.
gxf7+ Kxf7 29. Bg6+ Kg8 30. Bc2+ Kf7 31. Rg7+ Ke8 32.
Rxe7+ Kxe7 33. Bxf8+ Kxf8 34. Qxf6+ 1-0

[Event "Early-Titled-Tuesday-Blitz-January-30-2024"]
[Site "Chess.com"]
[Date "2024.01.30"]
[Round "5"]
[White "SharapovEvgeny"]
[Black "baki83"]
[Result "1/2-1/2"]
[WhiteElo "2542"]
[BlackElo "2801"]
[TimeControl "180+1"]
[EndTime "8:56:49 PST"]
[Termination "Game drawn by repetition"]

1. e4 c5 2. Nf3 d6 3. d4 cxd4 4.
Nxd4 Nf6 5. f3 Nc6 6. c4 g6 7. Be3 Bg7 8. Nc3 O-O 9. Be2 a6 10. O-O Rb8 11. Qd2 Bd7 12. Rac1 Nxd4 13. Bxd4 b5 14.
b3 bxc4 15. Bxc4 a5 16. Nd5 Nxd5 17. Bxd5 Bxd4+ 18. Qxd4 Rc8 19. Rfd1 Rxc1 20. Rxc1 Qb8 21. Rc3 Rd8 22. h4 h5 23. Bc6 Qb4 24. Qxb4 axb4 25.
Rc4 Bxc6 26. Rxc6 Rb8 27. Rc7 Kf8 28. Ra7 f6 29. Kf2 Kf7 30. Ke3 Rc8 31. Kd2 f5 32.
Ra4 Rb8 33. Kd3 fxe4+ 34. fxe4 g5 35. hxg5 Kg6 36. Kc4 Kxg5 37. Rxb4 Rc8+ 38. Kd3 Kf4 39. a4 Kg3 40. Rb7 Re8 41. a5 Kxg2 42.
a6 h4 43. a7 Ra8 44. Rxe7 h3 45. Rg7+ Kf3 46. Rf7+ Kg2 47. Rg7+ Kf3 48. Rf7+ Kg2 49. Rg7+ 1/2-1/2

[Event "Early-Titled-Tuesday-Blitz-January-30-2024"]
[Site "Chess.com"]
[Date "2024.01.30"]
[Round "5"]
[White "PetrolulSah"]
[Black "Arimin1329"]
[Result "1-0"]
[WhiteElo "2209"]
[BlackElo "2403"]
[TimeControl "180+1"]
[EndTime "8:56:50 PST"]
[Termination "PetrolulSah won by resignation"]

1. d4 d5 2. g3 Bf5 3. Bg2 h6 4. c4 e6 5. Qb3 dxc4 6. Qxb7 Bxb1 7. Rxb1 c6 8. Qxa8 Bb4+ 9. Kf1 Ne7 10. Bf4 O-O 11.
Qxb8 Qa5 12. Qc7 Qxa2 13. Rc1 Rc8 14. Qe5 Qxb2 15. d5 c3 16. dxe6 f6 17. Qe3 Rd8 18.
Be4 g5 19. Bc7 Rd2 20. Kg2 Qxc1 21. Nf3 Qb2 22. Nxd2 cxd2 23. Qd3 f5 24. Bxf5 Qe5 25. Bxe5 1-0

[Event "Early-Titled-Tuesday-Blitz-January-30-2024"]
[Site "Chess.com"]
[Date "2024.01.30"]
[Round "5"]
[White "Herzog2012"]
[Black "frequentblunders"]
[Result "1-0"]
[WhiteElo "2559"]
[BlackElo "2165"]
[TimeControl "180+1"]
[EndTime "8:56:52 PST"]
[Termination "Herzog2012 won by resignation"]

1. e4 e6 2. Nf3 c5 3. d4 d5 4. exd5 exd5 5. Bb5+ Nc6 6. O-O Nf6 7. Re1+ Be7 8.
dxc5 O-O 9. Be3 Ne4 10. Nbd2 Bxc5 11. Nxe4 Bxe3 12. Rxe3 dxe4 13. Bxc6 bxc6 14. Rxe4 Bf5 15. Rc4 Qd5 16. Qxd5 cxd5 17. Rc5 Rac8 18. Rxc8 Rxc8 19.
c3 f6 20. Rd1 Bg4 21. Rxd5 Bxf3 22. gxf3 Re8 23. Kf1 Re7 24. c4 Rc7 25. c5 Kf7 26. b4 Ke6 27. Rd6+ Ke5 28. Ke2 a5 29. a3 axb4 30.
axb4 Rb7 31. Rb6 Ra7 32. c6 Kd6 33. b5 Kc7 34. Rb7+ Rxb7 35. cxb7 Kxb7 36. Kd3 Kb6 37.
Kc4 Kc7 38. Kc5 Kb7 39. b6 Kc8 40. Kc6 Kb8 41. Kd6 Kb7 42. Ke6 Kxb6 43. Kf7 Kc5 44. Kxg7 f5 45. Kxh7 1-0

[Event "Early-Titled-Tuesday-Blitz-January-30-2024"]
[Site "Chess.com"]
[Date "2024.01.30"]
[Round "5"]
[White "Bauman_Guy"]
[Black "FormerProdigy"]
[Result "0-1"]
[WhiteElo "2870"]
[BlackElo "3029"]
[TimeControl "180+1"]
[EndTime "8:56:53 PST"]
[Termination "FormerProdigy won by resignation"]

1. e4 c5 2. Nf3 d6 3. d4 cxd4 4.
Nxd4 Nf6 5. Nc3 a6 6. h3 e5 7.
Nde2 h5 8. Bg5 Be6 9. Nc1 Be7 10. Nb3 Nbd7 11. Be2 b5 12. a4 b4 13. Nd5 Nxd5 14.
exd5 Bf5 15. Bxe7 Qxe7 16. Na5 Qg5 17. g3 h4 18. g4 Be4 19. f3 Bg6 20. Nc6 Nf6 21.
Nxb4 Qf4 22. Qd2 Qg3+ 23. Kf1 O-O 24. Nc6 e4 25. Ne7+ Kh7 26. Qe3 Rae8 27. Nxg6 fxg6 28. Qf2 exf3 29. Bxf3 Ne4 30. Qxg3 Nxg3+ 31. Kg2 Nxh1 32. Rxh1 a5 33. c3 Rf4 34. Ra1 Re3 35. Bd1 Rg3+ 36.
Kh2 Rf2+ 37. Kh1 Rxh3+ 38. Kg1 Rxb2 0-1

[Event "Early-Titled-Tuesday-Blitz-January-30-2024"]
[Site "Chess.com"]
[Date "2024.01.30"]
[Round "5"]
[White "Mikhail_Golubev"]
[Black "h4parah5"]
[Result "0-1"]
[WhiteElo "2683"]
[BlackElo "2899"]
[TimeControl "180+1"]
[EndTime "8:56:53 PST"]
[Termination "h4parah5 won by resignation"]

1. e4 c5 2. Nf3 Nc6 3. Nc3 Nf6 4. Bb5 Qc7 5. O-O Nd4 6. Re1 a6 7. Bf1 Ng4 8. e5 Nxf3+ 9. Qxf3 Nxe5 10. Qg3 d6 11.
Nd5 Qd8 12. d4 Nc6 13. dxc5 Be6 14. Nf4 Bf5 15. Bc4 e6 16. cxd6 Qxd6 17. Be3 O-O-O 18. Bb6 Rd7 19. Be2 Nd4 20. Bxd4 Qxd4 21. Rad1 Qa4 22. Rxd7 Qxd7 23. Rd1 Qc7 24. Qd3 Bxd3 0-1

[Event "Early-Titled-Tuesday-Blitz-January-30-2024"]
[Site "Chess.com"]
[Date "2024.01.30"]
[Round "5"]
[White "GMWSO"]
[Black "frederiksvane"]
[Result "1-0"]
[WhiteElo "3143"]
[BlackElo "2914"]
[TimeControl "180+1"]
[EndTime "8:56:55 PST"]
[Termination "GMWSO won by resignation"]

1. d4 Nf6 2. c4 e6 3. Nc3 Bb4 4.
Bd2 O-O 5. Rc1 b6 6. e3 Bb7 7. Nf3 c5 8. a3 Bxc3 9. Bxc3 Ne4 10. Bd3 d6 11. Bxe4 Bxe4 12. Nd2 Bb7 13. dxc5 bxc5 14. O-O Nd7 15. b4 Qe7 16. e4 Rfc8 17. f4 d5 18. exd5 exd5 19. Re1 Qd8 20. cxd5 cxb4 21. axb4 Bxd5 22. Qg4 f6 23. Nf1 Bf7 24. Red1 Qb6+ 25.
Kh1 Be6 26. f5 Rxc3 27. Rxc3 Ne5 28. Qe4 1-0

[Event "Early-Titled-Tuesday-Blitz-January-30-2024"]
[Site "Chess.com"]
[Date "2024.01.30"]
[Round "5"]
[White "AradNazari"]
[Black "VitaliyChayka"]
[Result "0-1"]
[WhiteElo "2679"]
[BlackElo "2434"]
[TimeControl "180+1"]
[EndTime "8:56:55 PST"]
[Termination "VitaliyChayka won on time"]

1. e4 d6 2. d4 Nf6 3. Nc3 e5 4. Nf3 Nbd7 5. Bc4 Be7 6. O-O O-O 7.
a4 a5 8. h3 c6 9. Re1 exd4 10.
Nxd4 Nc5 11. Bg5 Be6 12. Bxe6 fxe6 13. e5 Nd5 14. Bxe7 Qxe7 15. exd6 Qxd6 16. Ne4 Nxe4 17.
Rxe4 Rf6 18. Qe2 Raf8 19. Rxe6 Nf4 20. Rxd6 Nxe2+ 21. Nxe2 Rxd6 22. Kf1 Rd2 23. Rc1 Re8 24. Nf4 Re4 25. Nd3 Ree2 26. c3 Re7 27. Nc5 Rxb2 28. Re1 Rxe1+ 29. Kxe1 Kf7 30. Nd3 Ra2 31. Nc5 b5 0-1

[Event "Early-Titled-Tuesday-Blitz-January-30-2024"]
[Site "Chess.com"]
[Date "2024.01.30"]
[Round "5"]
[White "wonderfultime"]
[Black "scarabee43"]
[Result "1-0"]
[WhiteElo "3010"]
[BlackElo "2836"]
[TimeControl "180+1"]
[EndTime "8:56:58 PST"]
[Termination "wonderfultime won by resignation"]

1. d4 Nf6 2. Nf3 d5 3. Bf4 c5 4.
c3 cxd4 5. cxd4 Bf5 6. Nc3 e6 7. Qb3 Qb6 8. e3 Be7 9. Bb5+ Nc6 10. Ne5 Rc8 11. O-O O-O 12. Bxc6 bxc6 13. Na4 Qxb3 14. axb3 Ne4 15. Rfc1 g5 16. Bg3 h5 17. Nxc6 Bf6 18. Be5 Kg7 19. Bxf6+ Kxf6 20. b4 Nd2 21. Na5 Rb8 22.
Nc5 e5 23. dxe5+ Kg7 24. Nc6 Rb6 25. Nd4 Bg6 26. Nd7 Rxb4 27. Nxf8 Kxf8 28. Rxa7 Rxb2 29.
e6 Ne4 30. e7+ 1-0

[Event "Early-Titled-Tuesday-Blitz-January-30-2024"]
[Site "Chess.com"]
[Date "2024.01.30"]
[Round "5"]
[White "vladgoncharov"]
[Black "Andreikka"]
[Result "1-0"]
[WhiteElo "2650"]
[BlackElo "2974"]
[TimeControl "180+1"]
[EndTime "8:56:58 PST"]
[Termination "vladgoncharov won by resignation"]

1. d4 Nc6 2. Nf3 e6 3. c4 f5 4. g3 Bb4+ 5. Bd2 Bxd2+ 6. Nbxd2 Nf6 7. Bg2 O-O 8. O-O d6 9. e3 a5 10. b3 e5 11. Rb1 h6 12. a3 f4 13. dxe5 dxe5 14.
exf4 exf4 15. c5 Bf5 16. Rc1 Qd7 17. Nc4 Qf7 18. Nfe5 Nxe5 19. Nxe5 Qe8 20. Re1 Rd8 21. Qe2 Kh8 22. Bxb7 Nd5 23. Bc6 Qe6 24. Bxd5 Rxd5 25. b4 axb4 26. axb4 f3 27. Qe3 Be4 28. Nxf3 Re8 29. b5 Qh3 30. b6 cxb6 31. cxb6 Rh5 32. b7 Bxf3 33. Qxf3 Qxh2+ 34. Kf1 Rg8 35. Rc8 Qh3+ 36.
Qg2 1-0

[Event "Early-Titled-Tuesday-Blitz-January-30-2024"]
[Site "Chess.com"]
[Date "2024.01.30"]
[Round "5"]
[White "yaguigor"]
[Black "diamonds13"]
[Result "1-0"]
[WhiteElo "2575"]
[BlackElo "2345"]
[TimeControl "180+1"]
[EndTime "8:56:58 PST"]
[Termination "yaguigor won by resignation"]

1. Nf3 c5 2. e4 Nc6 3. d4 cxd4 4. Nxd4 Nf6 5. Nc3 e6 6. Ndb5 Bc5 7. Bf4 O-O 8. Bc7 Qe7 9. Bd6 Bxd6 10. Qxd6 Qd8 11.
O-O-O Qb6 12. Qg3 d5 13. exd5 exd5 14. Nc7 d4 15. Nxa8 Qa5 16. Qc7 Qg5+ 17. f4 Qc5 18. Bb5 dxc3 19. Bxc6 Bf5 20. Ba4 Qe3+ 21. Kb1 Ne4 22.
Rd8 Nd2+ 23. Ka1 h5 24. Rxf8+ Kh7 25. Qxc3 1-0

[Event "Early-Titled-Tuesday-Blitz-January-30-2024"]
[Site "Chess.com"]
[Date "2024.01.30"]
[Round "5"]
[White "Akylbek2021"]
[Black "ErikRonka"]
[Result "0-1"]
[WhiteElo "2279"]
[BlackElo "2485"]
[TimeControl "180+1"]
[EndTime "8:57:03 PST"]
[Termination "ErikRonka won by resignation"]

1. d4 Nf6 2. c4 e6 3. g3 d5 4. Nf3 Be7 5. Bg2 O-O 6. Nc3 a5 7. O-O c6 8. Ne5 b6 9. e4 Ba6 10. b3 Bb4 11. Bb2 Bxc3 12. Bxc3 Nxe4 13. Bxe4 dxe4 14. Qc2 f5 15. f3 Nd7 16. Nxc6 Qc7 17.
d5 exd5 18. cxd5 Bxf1 19. Rxf1 Qd6 20. fxe4 fxe4 21. Qxe4 Nf6 22. Qe6+ Qxe6 23. dxe6 Nd5 24. Rxf8+ Kxf8 25. Bd4 Re8 26. Bxb6 Nxb6 0-1

[Event "Early-Titled-Tuesday-Blitz-January-30-2024"]
[Site "Chess.com"]
[Date "2024.01.30"]
[Round "5"]
[White "Louis-Paulsen-Fan"]
[Black "EfrenRamos1"]
[Result "1-0"]
[WhiteElo "2268"]
[BlackElo "2423"]
[TimeControl "180+1"]
[EndTime "8:57:03 PST"]
[Termination "Louis-Paulsen-Fan won by resignation"]

1. d4 Nf6 2. Nf3 d5 3. c4 c6 4. Nc3 g6 5. cxd5 cxd5 6. Bg5 Ne4 7. Bh4 Bg7 8. e3 O-O 9. Bd3 Nxc3 10. bxc3 Nc6 11. O-O Bg4 12. c4 dxc4 13. Bxc4 Rc8 14. Be2 Qa5 15. h3 Bf5 16. Qb3 Be4 17. Rac1 Qb6 18. Qxb6 axb6 19. Nd2 Bf5 20. g4 Bd7 21. Rb1 e6 22. Rxb6 Ra8 23. Rxb7 Rxa2 24. Rxd7 Rxd2 25. Bf3 Nb4 26. Rb1 Nd3 27. Rbb7 f6 28. Rxg7+ 1-0

[Event "Early-Titled-Tuesday-Blitz-January-30-2024"]
[Site "Chess.com"]
[Date "2024.01.30"]
[Round "5"]
[White "Zq1"]
[Black "PedroGil25"]
[Result "0-1"]
[WhiteElo "2523"]
[BlackElo "2413"]
[TimeControl "180+1"]
[EndTime "8:57:04 PST"]
[Termination "PedroGil25 won by resignation"]

1. d4 Nf6 2. c4 e6 3. g3 Bb4+ 4.
Nd2 O-O 5. Bg2 d6 6. Nf3 Nc6 7. O-O Bxd2 8. Qxd2 e5 9. b3 Qe7 10. dxe5 dxe5 11. a4 Rd8 12. Qc3 Nd4 13. Re1 Bg4 14. Bb2 c5 15. Rac1 Ne4 16. Qe3 f5 17. Nh4 Nd6 18. Bd5+ Kh8 19. f4 Re8 20. fxe5 Qxe5 21. Qxe5 Rxe5 22. Bxd4 cxd4 23. Kf2 Ne4+ 24. Bxe4 fxe4 25. Ng2 Rf8+ 26. Kg1 a5 27. h4 h6 28. Nf4 g5 29. hxg5 hxg5 30. Nd5 e3 31. Rf1 Rxf1+ 32. Rxf1 Bxe2 33. Rf7 Bh5 0-1

[Event "Early-Titled-Tuesday-Blitz-January-30-2024"]
[Site "Chess.com"]
[Date "2024.01.30"]
[Round "5"]
[White "Mourinho_Jose"]
[Black "esrosenberg"]
[Result "1-0"]
[WhiteElo "2531"]
[BlackElo "2394"]
[TimeControl "180+1"]
[EndTime "8:57:04 PST"]
[Termination "Mourinho_Jose won on time"]

1. e4 e6 2. d4 d5 3. e5 c5 4. c3 Nc6 5. Nf3 Bd7 6. a3 Nge7 7. b4 cxd4 8. cxd4 Nf5 9. Bb2 Be7 10. Bd3 O-O 11.
O-O Rc8 12. Bc2 f6 13. Qd3 fxe5 14. dxe5 g6 15. Nbd2 Bxb4 16. axb4 Nxb4 17. Qb3 Nxc2 18. Rac1 Qb6 19. g4 Qxb3 20. Nxb3 Nh6 21. Nfd4 Nxd4 22. Bxd4 b6 23. h3 Rf3 24. Nd2 Rxc1 25. Rxc1 Rxh3 26. f3 Nf7 27. Kg2 Ng5 28. Be3 Nxf3 29.
Kxh3 Nxe5 30. Rc7 Bb5 31. Bd4 Nc4 32. Rg7+ Kf8 33. Rxa7 e5 34. Bc3 d4 35. Bb4+ 1-0

[Event "Early-Titled-Tuesday-Blitz-January-30-2024"]
[Site "Chess.com"]
[Date "2024.01.30"]
[Round "5"]
[White "Hasangatin_Ramil"]
[Black "SantoBlue"]
[Result "0-1"]
[WhiteElo "2697"]
[BlackElo "2953"]
[TimeControl "180+1"]
[EndTime "8:57:05 PST"]
[Termination "SantoBlue won on time"]

1. e4 c5 2. Nf3 e6 3. g3 a6 4. Bg2 b5 5. O-O Bb7 6. Qe2 Nf6 7. e5 Nd5 8. d3 Be7 9. c4 Nb4 10. Nc3 O-O 11. a3 N4c6 12. cxb5 axb5 13. Nxb5 Na5 14. Bf4 Nb3 15. Rad1 Qb6 16. Nc3 Nc6 17. Ne4 Ncd4 18. Nxd4 Nxd4 19. Qd2 Rab8 20. Be3 Bxe4 21. dxe4 Qxb2 22. Bxd4 cxd4 23. Qxd4 Bxa3 24. Qxb2 Bxb2 25. Rxd7 Bxe5 26. Rd2 g6 27. Rfd1 Kg7 28. Bf3 h5 29. h4 Rfc8 30. Kg2 Rc3 31. Rd3 Rc5 32. R3d2 Rb4 33. Re2 Bd4 34. Red2 e5 35. Ra2 Rc3 36. Be2 Rb6 37. Rd3 Rc1 38. Rd1 Rc5 39. Rdd2 Rf6 40. Rd3 Rxf2+ 41. Kh3 Rc1 0-1

[Event "Early-Titled-Tuesday-Blitz-January-30-2024"]
[Site "Chess.com"]
[Date "2024.01.30"]
[Round "5"]
[White "aksuliini1"]
[Black "Shodikulov_Jamshid1990"]
[Result "1-0"]
[WhiteElo "2532"]
[BlackElo "2397"]
[TimeControl "180+1"]
[EndTime "8:57:05 PST"]
[Termination "aksuliini1 won by resignation"]

1. e4 c5 2. Nf3 d6 3. d4 cxd4 4. Nxd4 Nf6 5. Nc3 a6 6. h3 e6 7. g4 b5 8. Bg2 Bb7 9. g5 Nfd7 10. h4 Qc7 11. Be3 Nb6 12. O-O Nc4 13.
Bc1 Nd7 14. b3 Ncb6 15. Bb2 Rc8 16. Rc1 Be7 17. Nce2 O-O 18. Ng3 d5 19. Qg4 Ne5 20.
Qe2 dxe4 21. Bxe4 Bxe4 22. Qxe4 Ned7 23. Rcd1 Nc5 24. Qg4 Rcd8 25. Rfe1 Nd5 26. Nh5 g6 27.
Ng3 Qf4 28. Qxf4 Nxf4 29. Nc6 Rde8 30. Ba3 b4 31. Bxb4 Nd5 32. Nxe7+ 1-0

[Event "Early-Titled-Tuesday-Blitz-January-30-2024"]
[Site "Chess.com"]
[Date "2024.01.30"]
[Round "5"]
[White "GianmarcoVaR"]
[Black "GOGIEFF"]
[Result "0-1"]
[WhiteElo "2713"]
[BlackElo "2984"]
[TimeControl "180+1"]
[EndTime "8:57:06 PST"]
[Termination "GOGIEFF won on time"]

1. d4 Nf6 2. Nf3 d5 3. Bf4 c5 4. e3 Nc6 5. Nbd2 Bg4 6. c3 e6 7. Qb3 Qc8 8. Ne5 Bh5 9. Qa4 Nd7 10. Nxc6 Qxc6 11. Qxc6 bxc6 12. Ba6 cxd4 13. cxd4 c5 14. Rc1 cxd4 15. exd4 Be7 16. Rc7 Bd8 17. Rc6 Bb6 18.
Bd6 Bxd4 19. O-O Bxb2 20. Rc7 Rd8 21. Bb5 a6 22. Ba4 Bg6 23. Nb3 Bd3 24. Nc5 Bb5 25.
Bxb5 axb5 26. Rb1 Be5 27. Bxe5 Nxe5 28. Rxb5 O-O 29. Rbb7 d4 30. f4 d3 31. Ne4 Ng6 32. Nd2 Nxf4 33. a4 Rd5 0-1

[Event "Early-Titled-Tuesday-Blitz-January-30-2024"]
[Site "Chess.com"]
[Date "2024.01.30"]
[Round "5"]
[White "NelsonLinda"]
[Black "iwanyu"]
[Result "0-1"]
[WhiteElo "2585"]
[BlackElo "2843"]
[TimeControl "180+1"]
[EndTime "8:57:06 PST"]
[Termination "iwanyu won by resignation"]

1. b3 Nf6 2. Bb2 g6 3. Bxf6 exf6 4. c4 d5 5. Nc3 d4 6. Na4 Ba3 7.
Nf3 O-O 8. g3 a6 9. Qc2 Nc6 10.
Nb2 Nb4 11. Qb1 Bf5 12. d3 Re8 13. Kd1 Qe7 14. h3 Rad8 15. g4 Bc8 16. Rg1 f5 17. Qc1 f4 18. Qd2 b5 19. Bg2 Bb7 20. Re1 Nc6 21. Rg1 Bb4 22. Qc2 Bc3 23. a3 bxc4 24. bxc4 Na5 25. Ra2 Bc6 26. Na4 Bxa4 27. Qxa4 Rb8 28.
Kc2 Qxe2+ 0-1